 Dungeon Crawl Stone Soup version 0.24-a0-307-gf989941 (webtiles) character file.

Game seed: 8483103898394100747

31 MatthieuS the Sneak (level 3, -3/22 HPs)
             Began as a Tengu Assassin on May 12, 2019.
             Slain by a gnoll
             ... wielding a +0 whip
              (7 damage)
             ... on level 2 of the Dungeon.
             The game lasted 00:01:42 (1224 turns).

MatthieuS the Sneak (Tengu Assassin)                Turns: 1224, Time: 00:01:43

Health: -3/22      AC:  3    Str: 11    XL:     3   Next: 22%
Magic:  4/4        EV: 12    Int: 12    God:
Gold:   45         SH:  0    Dex: 15    Spells: 2/2 levels left

rFire    . . .     SeeInvis .   a - +2 dagger
rCold    . . .     Gourm    .   (no shield)
rNeg     . . .     Faith    .   b - +0 robe
rPois    .         Spirit   .   (helmet restricted)
rElec    .         Reflect  .   c - +0 cloak
rCorr    .         Harm     .   (no gloves)
MR       .....                  (boots unavailable)
Stlth    +++.......             (no amulet)
HPRegen  0.07/turn              (no ring)
MPRegen  0.09/turn              (no ring)

@: no status effects
A: beak, talons 3
a: no special abilities


You were on level 2 of the Dungeon.
You were hungry.

You visited 1 branch of the dungeon, and saw 2 of its levels.

You collected 45 gold pieces.

Inventory:

Hand Weapons
 a - a +2 dagger (weapon)
 j - a +1 dagger of venom
   (You found it on level 1 of the Dungeon)
Missiles
 d - 7 poisoned darts (quivered)
 f - 2 curare-tipped darts {!f}
Armour
 b - a +0 robe (worn)
 c - a +0 cloak (worn)
Scrolls
 g - 2 scrolls of remove curse {unknown}
 h - 2 scrolls of teleportation {unknown}
 m - 2 scrolls of enchant armour {unknown}
 n - a scroll of noise {unknown}
Potions
 i - a potion of might {unknown}
 k - 4 potions of magic {unknown}
 o - a potion of curing {unknown}
 p - a potion of heal wounds {unknown}
Comestibles
 e - 3 rations


   Skills:
 + Level 2.4 Fighting
 - Level 2.1 Short Blades
 * Level 2.7 Throwing
 + Level 1.7 Dodging
 + Level 4.2 Stealth


You had 2 spell levels left.
You didn't know any spells.
Your spell library was empty.

Dungeon Overview and Level Annotations

Branches:
Dungeon (2/15)

Altars:


Innate Abilities, Weirdness & Mutations

You have a beak for a mouth.
You have claws for feet.


Message History

Some of the chunks of flesh in your inventory have rotted away.
d - 3 poisoned darts (gained 2)
You start resting.
Some of the chunks of flesh in your inventory have rotted away.
You start waiting.
All of the chunks of flesh in your inventory have rotted away.
You are feeling hungry.
d - 5 poisoned darts (gained 2)
d - 6 poisoned darts (gained 1)
d - 7 poisoned darts (gained 1)
d - 8 poisoned darts (gained 1)
You see here a quokka skeleton.
A frilled lizard comes into view.
A frilled lizard is nearby!
You see here a scroll labeled INKAOSTR AKYHUO.
m - 2 scrolls labeled INKAOSTR AKYHUO (gained 1)
The frilled lizard hisses angrily.
The frilled lizard misses you.
You hit the frilled lizard.
You kill the frilled lizard!
No target in view!
No target in view!
Found a quarterstaff.
A gnoll comes into view. It is wielding a +0 whip.
A gnoll is nearby! 2 gnolls come into view.
The gnoll hits you with a +0 whip.
Found a sedimented emerald potion.
You hit the gnoll but do no damage. You claw the gnoll!
The gnoll shouts!
A jackal comes into view.
The gnoll closely misses you.
The gnoll shouts!
You hit the gnoll but do no damage. The gnoll hits you with a +0 whip.
The gnoll misses you.
You barely miss the gnoll. The gnoll hits you with a +0 whip!
You hit the gnoll. Your kick misses the gnoll. The gnoll barely misses you.
Unknown command.
The jackal bites you.
* * * LOW HITPOINT WARNING * * *
A jackal comes into view.
The gnoll hits you with a +0 whip!
* * * LOW HITPOINT WARNING * * *
The jackal barks!
Throwing (i - inventory. (/) - cycle)
d - 8 poisoned darts (quivered)
Aim: a gnoll, wielding a +0 flail You throw a poisoned dart.
The poisoned dart hits the gnoll.
The gnoll is poisoned.
The gnoll hits you with a +0 whip!
You die...

#.# #.# #.# #.#
#.# #.# #.# #.#
### #. #.#
##.###.# #.#
#...g..# #.#
##.## #.#
##...#########@#
#......gg.hh.g.#
#....###########
#.#.## #.#.#
....# ...###
####


You could see 3 gnolls and 2 jackals.

Vanquished Creatures
  An adder (D:2)
  An ooze (D:2)
  A worm (D:2)
  A dart slug (D:1)
  2 bats
  3 goblins
  A quokka (D:2)
  2 frilled lizards (D:2)
  4 rats (D:1)
16 creatures vanquished.

Vanquished Creatures (others)
  4 toadstools (D:1)
4 creatures vanquished.

Grand Total: 20 creatures vanquished

Notes
Turn   | Place    | Note
-------+----------+-------------------------------------------
     0 | D:1      | MatthieuS the Tengu Assassin began the quest for the Orb.
     0 | D:1      | Reached XP level 1. HP: 12/12 MP: 2/2
   460 | D:1      | Reached XP level 2. HP: 17/17 MP: 3/3
   786 | D:2      | Reached XP level 3. HP: 17/21 MP: 4/4
  1224 | D:2      | Slain by a gnoll

Levels and vault maps discovered:
D:1:      ldierk_water_garden, layout_basic
D:2:      layout_loops_ring, minmay_crystal_water, minmay_vboxes

Action                   || total
-------------------------++-------
Melee: Dagger            ||    34
       Kick              ||     4
       Peck              ||     6
Throw: Dart              ||     8
 Stab: Sleeping          ||     7
Armor: Robe              ||     9
Dodge: Dodged            ||    30

Table legend:
 A = Non-vault XP
 B = Vault XP
 C = Vault XP percentage of total XP
 D = Non-vault monster count
 E = Vault monster count
 F = Vault count percentage of total count
                 A         B        C        D         E       F
            +---------+---------+-------+---------+---------+-------
      Total |      45 |       0 |   0.0 |      16 |       0 |   0.0
            +---------+---------+-------+---------+---------+-------
        D:1 |      14 |       0 |   0.0 |       8 |       0 |   0.0
        D:2 |      31 |       0 |   0.0 |       8 |       0 |   0.0
            +---------+---------+-------+---------+---------+-------
